 Dungeon Crawl Stone Soup version 0.30-a0-793-g160f7cfddd (webtiles) character file.

Game seed: 8866201701038113507

86 Gurguzundur the Trooper (level 4, 38/38 HPs)
             Began as a Merfolk Transmuter on May 1, 2022.
             Quit the game on level 3 of the Dungeon on Apr 10, 2024.
             The game lasted 00:13:32 (3328 turns).

Gurguzundur the Trooper (Merfolk Transmuter)        Turns: 3328, Time: 00:13:33

Health: 38/38      AC:  2    Str: 12    XL:     4   Next: 50%
Magic:  7/7        EV: 12    Int: 12    God:
Gold:   83         SH:  0    Dex: 14    Spells: 1/7 levels left

rFire   . . .      SeeInvis .      - Unarmed
rCold   . . .      Faith    .    (no shield)
rNeg    . . .      Spirit   .    a - +0 robe
rPois   .          Reflect  .    (no helmet)
rElec   .          Harm     .    (no cloak)
rCorr   .          Rampage  .    (no gloves)
Will    .....                    (no boots)
Stlth   +                        (no amulet)
HPRegen 0.26/turn                (no ring)
MPRegen 0.10/turn                (no ring)

@: no status effects
A: (nimble swimmer 2), mertail
a: no special abilities


You were on level 3 of the Dungeon.
You visited 1 branch of the dungeon, and saw 3 of its levels.

You collected 83 gold pieces.

Inventory:

Hand Weapons
 b - a +1 whip of electrocution
 i - a +0 spear
Missiles
 e - 3 poisoned darts (quivered)
Armour
 a - a +0 robe (worn)
Jewellery
 l - an amulet of regeneration
Scrolls
 c - a scroll of noise {unknown}
 h - 3 scrolls of teleportation
 k - a scroll of identify
Potions
 d - a potion of lignification
 f - a potion of attraction
 g - a potion of haste
 j - 2 potions of magic


   Skills:
 - Level 4.3 Fighting
 + Level 0.2 Throwing
 - Level 2.6 Dodging
 + Level 0.4 Stealth
 - Level 3.2 Unarmed Combat
 - Level 2.0 Spellcasting
 + Level 3.0 Transmutations


You had one spell level left.
You knew the following spells:

 Your Spells              Type           Power      Damage    Failure   Level
a - Beastly Appendage     Tmut           16%        N/A       8%          1
b - Wereblood             Tmut           8%         N/A       12%         2
c - Spider Form           Tmut/Pois      4%         N/A       41%         3

Your spell library contained the following spells:

 Spells                   Type           Power      Damage    Failure   Level
 Gell's Gravitas          Tloc           1%         N/A       63%         3
 Teleport Other           Tloc           1%         N/A       63%         3
 Ice Form                 Ice/Tmut       4%         N/A       82%         4
 Dispersal                Tloc           0%         N/A       100%        6


Dungeon Overview and Level Annotations

Branches:
Dungeon (3/15)

Altars:

Shops:
D:1 (([[


Innate Abilities, Weirdness & Mutations

((You are very nimble when in or above water. (Stealth+, EV+, Speed+++)))
Your lower body shifts to a powerful aquatic tail in water.


Message History

You hit the rat.
You kill the rat!
No target in view!
No target in view!
A kobold comes into view. It is wielding a +0 short sword.
The kobold shouts!
You closely miss the kobold.
The kobold hits you with a +0 short sword.
You hit the kobold.
You kill the kobold!
No target in view!
No target in view!
Things that are here:
a +0 short sword; a stone; a kobold corpse Done exploring.
Done exploring.
Things that are here:
a +0 short sword; a stone; a kobold corpse Saving game... please wait.
Welcome back, Gurguzundur the Merfolk Transmuter.
Press ? for a list of commands and other information.
Done exploring.
(D) Dungeon
Where to? (? - help)
There is a stone staircase leading down here.
You climb downwards.
Found a scroll of identify.
There is a stone staircase leading up here.
k - a scroll of identify
As you read the scroll labelled SONUH GEUZIXAP, it crumbles to dust.
You feel strangely unstable.
It was a scroll of teleportation.
Found a scroll labelled MADGHI XILL.
A hobgoblin comes into view.
Your surroundings suddenly seem different.
The hobgoblin moves out of view.
Found an escape hatch in the ceiling.
l - an amulet of regeneration Welcome back, Gurguzundur the Merfolk Transmuter.
Press ? for a list of commands and other information.
Are you sure you want to abandon this character and quit the game? (Confirm with "yes".)

#.##.##.##.#.#
.............#
#.#..##.##.#.#
#.#..##.##.#.#
...........#.#
#.#..##.##.#.#
#... #.##.#.#
### #.##..
#@##.#
#.........#
#########.#


There were no monsters in sight!

Vanquished Creatures
  3 adders (D:2)
  4 dart slugs
  4 bats
  6 endoplasms
  A giant cockroach (D:2)
  3 goblins
  4 hobgoblins
  9 kobolds
  2 quokkas
  3 ball pythons
  4 frilled lizards
  7 rats
50 creatures vanquished.

Notes
Turn   | Place    | Note
-------+----------+-------------------------------------------
     0 | D:1      | Gurguzundur the Merfolk Transmuter began the quest for the
                  | Orb.
     0 | D:1      | Reached XP level 1. HP: 15/15 MP: 3/3
    39 | D:1      | Reached skill level 2 in Fighting
    42 | D:1      | Reached XP level 2. HP: 12/22 MP: 5/5
   557 | D:1      | Found Xuelu's Antique Weapon Emporium.
   610 | D:1      | Reached skill level 3 in Fighting
   818 | D:1      | Found Weptorie's Weapon Emporium.
   881 | D:1      | Reached XP level 3. HP: 23/29 MP: 6/6
  1052 | D:1      | Found Gait Libyro's Antique Armour Boutique.
  1178 | D:1      | Learned a level 2 spell: Wereblood
  1182 | D:1      | Learned a level 3 spell: Spider Form
  1341 | D:1      | Found Negil's Armour Shoppe.
  1809 | D:2      | Reached skill level 4 in Fighting
  2102 | D:2      | Reached XP level 4. HP: 34/37 MP: 7/7
  3131 | D:2      | Found a faded altar of an unknown god.
  3285 | D:2      | Upgraded the game from 0.29-a0-364-g921d912d32 to
                  | 0.30-a0-793-g160f7cfddd
  3328 | D:3      | Quit the game

Illustrated notes

Levels and vault maps discovered:
D:1:      tarquinn_simple_flora_water_b, layout_rooms, serial_shops,
          nicolae_shop_advertising_works [nicolae_subvault_shop_adworks],
          nicolae_shop_hallway_stairs, shop_statue, shop_fountains
D:2:      layout_basic, dreamdust_ecumenical_altar_hidden_monk_grotto
D:3:      layout_basic, mainiacjoe_overflow_cross_hatched,
          nicolae_wu_jian_immortal_techniques, grunt_ministairs_5, uniq_grinder

Skill      XL: |  1  2  3  4 |
---------------+-------------+-----
Fighting       | 2 3 4 |  4.3
Transmutations | 3 |  3.0
Throwing       | |  0.2
Dodging        | |  2.6
Stealth        | |  0.4
Unarmed Combat | |  3.2
Spellcasting   | |  2.0

Action                     |  1- 3 |  4- 6 || total
---------------------------+-------+-------++-------
  Melee: Unarmed           |   136 |    43 ||   179
         Headbutt          |     7 |     1 ||     8
         Punch             |     3 |       ||     3
  Throw: Dart              |       |     3 ||     3
   Cast: Beastly Appendage |     5 |     1 ||     6
    Use: Scroll            |     3 |     2 ||     5
         Potion            |       |     1 ||     1
   Stab: Sleeping          |     2 |     1 ||     3
 Armour: Robe              |    23 |     6 ||    29
  Dodge: Dodged            |    89 |    28 ||   117

Table legend: (Time is in decaauts)
 A = Elapsed time spent in this place.
 B = Non-inter-level travel time spent in this place.
 C = Inter-level travel time spent in this place.
 D = Time resting spent in this place.
 E = Time spent auto-exploring this place.
 F = Levels seen in this place.
 G = Mean time per level.
                   A        B        C        D        E       F      G
               +--------+--------+--------+--------+--------+-----+--------+
         Total |   3313 |   3245 |     68 |    825 |   1804 |   3 | 1104.3 |
       Dungeon |   3313 |   3245 |     68 |    825 |   1804 |   3 | 1104.3 |
               +--------+--------+--------+--------+--------+-----+--------+

Top non-repeatable levels by time:
     D:2: 1707 daAuts
     D:1: 1574 daAuts
     D:3: 31 daAuts
